 Dungeon Crawl Stone Soup version 0.27-a0-1456-gf5a116941d (webtiles) character file.

Game seed: 9622863125156060727

62 nyamberluvr69 the Sneak (level 4, -2/46 HPs)
             Began as an Octopode Berserker on July 6, 2021.
             Was a Believer of Trog.
             Slain by a goblin (3 damage)
             ... on level 3 of the Dungeon.
             The game lasted 00:05:50 (2248 turns).

nyamberluvr69 the Sneak (Octopode Berserker)        Turns: 2248, Time: 00:05:52

Health: -2/46      AC:  1    Str: 16    XL:     4   Next: 8%
Magic:  0/4        EV: 13    Int:  9    God:    Trog [**....]
Gold:   215        SH:  0    Dex: 12    Spells: 3/3 levels left

rFire    . . .     SeeInvis .   f - +0 lajatang
rCold    . . .     Faith    .   (shield currently unavailable)
rNeg     . . .     Spirit   +   (helmet restricted)
rPois    .         Reflect  .   g - amulet of guardian spirit
rElec    .         Harm     .   (no ring)
rCorr    .         Rampage  .   (no ring)
Will     ++...                  (no ring)
Stlth    ..........             (no ring)
HPRegen  1.15/turn              (no ring)
MPRegen  0.09/turn              (no ring)
                                (no ring)
                                (no ring)

@: berserking (expiring), lethally poisoned (-2 -> -3), strong-willed,
regenerating, very quick
A: almost no armour, amphibious, 8 rings, camouflage 1, gelatinous body 1,
(nimble swimmer 1), tentacles
a: Renounce Religion, Berserk, Trog's Hand


You were on level 3 of the Dungeon.
You worshipped Trog.
Trog was pleased with you.
You visited 1 branch of the dungeon, and saw 3 of its levels.

You collected 215 gold pieces.

Inventory:

Hand Weapons
 a - a +0 hand axe
 f - a +0 lajatang (weapon)
Armour
 k - +0 gold dragon scales
Jewellery
 g - an amulet of guardian spirit (around mantle)
Scrolls
 c - a scroll of magic mapping {unknown}
 d - a scroll of vulnerability {unknown}
 e - a scroll of identify {unknown}
Potions
 b - 5 potions of degeneration {unknown}
 h - a potion of curing {unknown}
 i - a potion of lignification {unknown}
 j - a potion of heal wounds {unknown}


   Skills:
 - Level 3.0 Fighting
 - Level 3.0 Axes
 - Level 3.0 Dodging
 + Level 5.2 Stealth


You had 3 spell levels left.
You didn't know any spells.
Your spell library was empty.

Dungeon Overview and Level Annotations

Branches:
Dungeon (3/15)

Altars:
Hepliaklqana

Shops:
D:1 *


Innate Abilities, Weirdness & Mutations

You cannot wear most types of armour.
You are amphibious.
You can wear up to eight rings at the same time.
Your skin changes colour to match your surroundings (Stealth+).
Your rubbery body absorbs attacks. (AC +1, EV +1)
((You are camouflaged near water. (Stealth+)))
You have tentacles for arms and can constrict up to eight enemies at once.


Message History

You feel sick. The adder barely misses you. The adder misses you.
You closely miss the adder. Your grab misses the adder.
Your squeeze misses the adder.
The adder is lightly wounded.
You feel sick. The adder bites you.
You are more poisoned.
The adder poisons you! The adder closely misses you.
You miss the adder. You grab the adder. You constrict the adder.
You feel sick. The adder bites you.
You are more poisoned.
The adder poisons you! The adder bites you.
* * * LOW HITPOINT WARNING * * *
The adder misses you.
You hit the adder.
The adder is almost dead.
You constrict the adder.
You feel sick. The adder barely misses you. The adder misses you. x2
You completely miss the adder.
The adder is almost dead.
You constrict the adder.
You kill the adder!
Trog accepts your kill.
You feel sick. The adder bites you.
* * * LOW HITPOINT WARNING * * *
Your Stealth skill increases to level 5!
You have reached level 4!
You barely miss the adder. Your grab misses the adder.
Your squeeze misses the adder.
The adder is lightly wounded.
You feel sick. The adder bites you.
* * * LOW HITPOINT WARNING * * *
You are lethally poisoned!
The adder poisons you!
You closely miss the adder. You grab the adder. You squeeze the adder!
You kill the adder!
Trog accepts your kill.
* * * LOW HITPOINT WARNING * * *
You feel very sick. The goblin hits you with a +0 club.
You die...

#......####.#.# #
###..###........# #
########....#$#...##.###
# ..........###.###.##.#
# #########...#.. #....#
###### ..........###.#
###..###.....
.#######..#!.[#
..(#...##.....
#..###g###.###...##.....
#....#†@...#......######
#....###.###...........#
#.#....#.#...........#.#
#.####.#.#...........#.#
#.# #...............#.#
#.# ########........#.#
#. #........#.# #.
#........#..
##..#....###


You could see a goblin.

Vanquished Creatures
  4 adders
  2 dart slugs
  An orc (D:3)
  2 endoplasms (D:2)
  2 giant cockroaches
  3 hobgoblins
  2 quokkas
  6 bats
  3 frilled lizards
  3 goblins
  2 kobolds
  2 rats
32 creatures vanquished.

Notes
Turn   | Place    | Note
-------+----------+-------------------------------------------
     0 | D:1      | nyamberluvr69 the Octopode Berserker began the quest for
                  | the Orb.
     0 | D:1      | Reached XP level 1. HP: 16/16 MP: 1/1
   143 | D:1      | Reached skill level 1 in Stealth
   235 | D:1      | Found Aframuot's Assorted Antiques.
   243 | D:1      | Reached skill level 2 in Stealth
   246 | D:1      | Reached XP level 2. HP: 16/21 MP: 2/2
   788 | D:2      | Found a hazy altar of Hepliaklqana.
  1043 | D:2      | Reached skill level 3 in Stealth
  1134 | D:2      | Reached XP level 3. HP: 23/26 MP: 3/3
  1214 | D:2      | Reached skill level 4 in Stealth
  2019 | D:3      | Reached ** piety under Trog
  2053 | D:3      | Found a hazy altar of Hepliaklqana.
  2247 | D:3      | Reached skill level 5 in Stealth
  2247 | D:3      | Reached XP level 4. HP: 7/31 MP: 0/4
  2248 | D:3      | HP: 1/46 [poisoned by an adder]
  2248 | D:3      | Slain by a goblin

Illustrated notes

Levels and vault maps discovered:
D:1:      matt_arrival_spirals, layout_basic, serial_shops,
          nicolae_shop_overgrown_old_shop
D:2:      layout_basic, basic_altar
D:3:      layout_basic, amcnicky_altar_gilded, minmay_quantized

Skill      XL: |  1  2  3 |
---------------+----------+-----
Stealth        | 2 3 5 |  5.2
Fighting       | |  3.0
Axes           | |  3.0
Dodging        | |  3.0

Action                   |  1- 3 |  4- 6 || total
-------------------------+-------+-------++-------
Melee: Hand axe          |     9 |       ||     9
       Constrict         |    17 |     1 ||    18
       Tentacles         |    10 |     1 ||    11
       Lajatang          |    54 |     2 ||    56
Invok: Berserk           |     1 |       ||     1
       Trog's Hand       |     1 |       ||     1
 Stab: Sleeping          |    10 |       ||    10
       Distracted        |     1 |       ||     1
Armor: Skin              |     7 |       ||     7
Dodge: Dodged            |    62 |       ||    62

Table legend: (Time is in decaauts)
 A = Elapsed time spent in this place.
 B = Non-inter-level travel time spent in this place.
 C = Inter-level travel time spent in this place.
 D = Time resting spent in this place.
 E = Time spent auto-exploring this place.
 F = Levels seen in this place.
 G = Mean time per level.
                   A        B        C        D        E       F      G
               +--------+--------+--------+--------+--------+-----+--------+
         Total |   2266 |   2073 |    193 |    322 |   1455 |   3 |  755.3 |
       Dungeon |   2266 |   2073 |    193 |    322 |   1455 |   3 |  755.3 |
               +--------+--------+--------+--------+--------+-----+--------+

Top non-repeatable levels by time:
     D:2: 1000 daAuts
     D:1: 742 daAuts
     D:3: 522 daAuts
